 Dungeon Crawl Stone Soup version 0.18-a0-1311-g779ca93 (webtiles) character file.

5635 dalore the Fighter (level 10, -9/102 HPs)
             Began as a Minotaur Berserker on Feb 13, 2016.
             Was an Elder of Trog.
             Mangled by a white ugly thing (24 damage)
             ... on level 11 of the Dungeon.
             The game lasted 00:59:37 (8976 turns).

dalore the Fighter (Minotaur Berserker)             Turns: 8976, Time: 00:59:37

Health: -9/102     AC: 17    Str: 28    XL:     10   Next: 46%
Magic:  9/9        EV: 16    Int:  6    God:    Trog [****..]
Gold:   428        SH:  0    Dex: 13    Spells: 0 memorised, 9 levels left

rFire  . . .     SeeInvis .     A - +3 quarterstaff (chaos)
rCold  . . .     Gourm    .     J - +4 ring mail of Dogma {Str+2 Int+2 Dex+2}
rNeg   . . .     Faith    .     (shield currently unavailable)
rPois  .         Spirit   .     (helmet restricted)
rElec  .         Dismiss  .     E - +0 cloak
rCorr  .         Reflect  .     j - +2 pair of gloves
SustAt .         Harm     .     (no boots)
MR     +++..     Rnd*Rage +     (no amulet)
Stlth  +.........               (no ring)
                                (no ring)

@: exhausted, regenerating, slowed, very slow, extremely resistant to hostile
enchantments, very unstealthy
A: retaliatory headbutt, horns 2, yellow scales 1, berserk 1, blurry vision 1,
magic resistance 1, sense surroundings 1, robust 1, strong 1, wild magic 1
a: Berserk, Trog's Hand, Brothers in Arms, Burn Spellbooks, Renounce Religion


You were on level 11 of the Dungeon.
You worshipped Trog.
Trog was greatly pleased with you.
You were not hungry.

You visited 2 branches of the dungeon, and saw 12 of its levels.

You collected 518 gold pieces.
You spent 90 gold pieces at shops.

Inventory:

Hand Weapons
 k - a +0 whip of draining
   (You found it on level 6 of the Dungeon)
 s - a +2 whip of freezing
   (You took it off an orc on level 7 of the Dungeon)
 A - a +3 quarterstaff of chaos (weapon)
   (You took it off Crazy Yiuf on level 4 of the Dungeon)
Missiles
 f - 3 throwing nets {=f, !d}
Armour
 j - a +2 pair of gloves (worn)
   (You found it on level 1 of the Dungeon)
 x - a +0 chain mail
   (You found it on level 4 of the Dungeon)
 y - a +0 scale mail of poison resistance
   (You found it on level 8 of the Dungeon)
 E - a +0 cloak (worn)
   (You found it on level 5 of the Dungeon)
 H - the +4 skin of Zhor {rC+++}
   (You found it on level 9 of the Dungeon)

   It renders you almost immune to cold.
 J - the +4 ring mail of Dogma (worn) {Str+2 Int+2 Dex+2}
   (You found it on level 9 of the Dungeon)

   It affects your strength (+2).
   It affects your intelligence (+2).
   It affects your dexterity (+2).
Wands
 a - a wand of polymorph (9/24)
   (You took it off Grinder on level 6 of the Dungeon)
 r - a wand of flame (16/48)
   (You found it on level 7 of the Dungeon)
 D - a wand of paralysis (17/24)
   (You found it on level 8 of the Dungeon)
 F - a wand of iceblast (10/15)
   (You found it on level 8 of the Dungeon)
 K - a wand of random effects (21/48)
   (You found it on level 9 of the Dungeon)
Scrolls
 d - a scroll of immolation {unknown}
 e - 9 scrolls of teleportation {unknown}
 g - 10 scrolls of identify {unknown}
 i - a scroll of enchant weapon {unknown}
 m - a scroll of magic mapping {unknown}
 n - 2 scrolls of fear {unknown}
 p - a scroll of amnesia {unknown}
 v - 3 scrolls of remove curse {unknown}
 w - a scroll of recharging {unknown}
 B - 3 scrolls of blinking {unknown}
Potions
 b - 2 potions of heal wounds {unknown}
 l - a potion of lignification {!q}
 o - a potion of might {unknown}
 q - 2 potions of curing
 t - 2 potions of flight {unknown}
 u - a potion of resistance {unknown}
 C - 2 potions of mutation {unknown}
 G - a potion of haste {unknown}
Comestibles
 c - 5 bread rations {@e1}
 h - 7 fruits
 z - 7 beef jerkies
 I - 4 chunks of flesh {@w0}


   Skills:
 + Level 10.2 Fighting
 - Level 5.4(7.6) Maces & Flails
 + Level 8.2(9.0) Staves
 + Level 9.4 Armour
 + Level 9.1 Dodging


You had 9 spell levels left.
You didn't know any spells.

Dungeon Overview and Level Annotations

Branches:
Dungeon (11/15)            Temple (1/1) D:5
   Lair: D:8-11         Orc: D:9-12

Altars:
Ashenzari
Cheibriados
Dithmenos
Elyvilon
Fedhas
Gozag
Kikubaaqudgha
Makhleb
Nemelex Xobeh
Okawaru
Pakellas
Qazlal
Ru
Sif Muna
Trog
Vehumet
Xom
Yredelemnul
Zin
The Shining One

Shops:
D:5 *   D:9 }


Innate Abilities, Weirdness & Mutations

You reflexively headbutt those who attack you in melee.
You have a pair of horns on your head.
You are partially covered in yellow scales (AC +2).
You tend to lose your temper in combat.
Scrolls take you a little longer to read.
You are resistant to hostile enchantments.
You passively map a small area around you.
You are robust (+10% HP).
Your muscles are strong. (Str +2)
Your spells are a little harder to cast, but a little more powerful.


Message History

The rat twitches its whiskers.
A rat and a yak come into view.
The rat twitches its whiskers.
Found a stone staircase leading down.
You barely miss the rat. You headbutt the rat.
You kill the rat!
Trog accepts your kill. The rat barely misses you. You furiously retaliate!
You headbutt the rat!
You kill the rat!
Trog accepts your kill. The rat bites you but does no damage.
You hit the rat.
You kill the rat!
Trog accepts your kill. The rat bites you but does no damage.
You hit the yak. You headbutt the yak. The yak gores you!
The rat closely misses you. You furiously retaliate!
You headbutt the rat!
You kill the rat!
Trog accepts your kill.
You take 11 damage, and have 91/102 hp.
You hit the yak.
The yak is poisoned.
The yak barely misses you.
You hit the yak but do no damage. Your headbutt misses the yak.
The yak gores you but does no damage.
You sock the yak! You headbutt the yak!
You kill the yak!
Trog accepts your kill.
Things that are here:
a yak corpse; a rat corpse You butcher the yak corpse.
I - 4 chunks of flesh {@w0} (gained 3)
Things that are here:
a yak skeleton; a rat corpse A worker ant zombie comes into view.
You see here a blue potion.
You regained 3 hp, and now have 95/102 hp.
The worker ant zombie barely misses you.
You sock the worker ant zombie!
The worker ant zombie flickers and vanishes!
Deactivating autopickup; reactivate with Ctrl-A.
Something bites you but does no damage.
No target in view!
A red film seems to cover your vision as you go berserk!
You feel yourself moving faster!
You feel mighty!
You closely miss something. Something bites you but does no damage.
You now have 144/153 hp.
You completely miss something. You headbutt something!
Reactivating autopickup.
You feel a bit more experienced.
You feel a strong urge to attack something.
You feel your anger subside.
You are no longer berserk.
You are exhausted.
You feel yourself slow down.
You now have 97/102 hp.
You start resting.
A bat comes into view.
You regained 4 hp, and now have 101/102 hp.
You thump the bat!
You kill the bat!
Trog accepts your kill.
A white ugly thing is nearby!
The white ugly thing gurgles horribly!
A giant frog comes into view.
You see here a bat corpse.
Health restored: 102 You butcher the bat corpse.
The giant frog gives a loud, deep croak!
You see here a chunk of flesh {@w0}.
The white ugly thing trunk-slaps you but does no damage.
You thump the white ugly thing!
The white ugly thing closely misses you.
You barely miss the white ugly thing. You headbutt the white ugly thing!
The white ugly thing misses you. The giant frog completely misses you.
You thump the white ugly thing!
The white ugly thing seems to speed up.
The white ugly thing trunk-slaps you! The white ugly thing freezes you!
The giant frog hits you.
The white ugly thing trunk-slaps you but does no damage.
The giant frog misses you.
You take 32 damage, and have 70/102 hp.
MASSIVE DAMAGE!!
Your skin crawls.
You feel resistant to hostile enchantments.
You feel slightly more hungry. The white ugly thing trunk-slaps you.
The white ugly thing freezes you!! The giant frog closely misses you.
The white ugly thing trunk-slaps you but does no damage.
The giant frog hits you but does no damage.
You take 35 damage, and have 35/102 hp.
MASSIVE DAMAGE!!
You are too injured to fight recklessly!
Drink which item? (? for menu, Esc to quit)
You feel better. The white ugly thing barely misses you.
The giant frog closely misses you. The white ugly thing trunk-slaps you!
The white ugly thing freezes you!
* * * LOW HITPOINT WARNING * * *
The giant frog hits you.
* * * LOW HITPOINT WARNING * * *
The white ugly thing trunk-slaps you.
* * * LOW HITPOINT WARNING * * *
The white ugly thing freezes you!!
You die...

...r.P.P.. ,
#............P........
#...P...####..P.......,
#.......#, #PrPP...... ,.
#....P..# #P.PP...... ..
#.......#+##Pr.P..... ...
#...PP..P..P.P....., .... ,
#...P..P...P.P.P#####.....
....รท.....PPP.!u@.........
.....PPP...P...F..........
..........................
...........#..............
,,
#...###...################
....#.............# , , , ,
, ....#.............# , , ,
....#.............#
....#....#........#, , ,,


You could see a white ugly thing, a giant frog and 2 rats.

Vanquished Creatures
  Joseph (D:9)
  A troll (D:9)
  A two-headed ogre (shapeshifter) (D:9)
  Grinder (D:6)
  A vampire (D:10)
  A yak (D:11)
  3 wraiths
  A hippogriff (D:10)
  A hungry ghost (D:7)
  A water moccasin (D:7)
  4 orc warriors
  2 ice beasts
  2 sky beasts
  A black bear (D:9)
  A phantom (D:7)
  8 ogres
  A centaur (D:6)
  A giant frog (shapeshifter) (D:7)
  4 giant frogs
  4 scorpions
  An electric eel (D:7)
  2 crimson imps
  A centaur zombie (D:7)
  A giant frog zombie (D:5)
  4 orc wizards
  Crazy Yiuf (D:4)
  3 hounds
  A quasit (D:11)
  8 orc priests
  2 iguanas
  9 worker ants
  A killer bee zombie (D:7)
  A hound skeleton (D:9)
  A worker ant zombie (D:11)
  8 gnolls
  11 adders
  A river rat (D:11)
  2 shadow imps
  2 oozes
  5 worms
  3 giant geckos
  38 orcs
  12 giant cockroaches
  13 goblins
  9 hobgoblins
  11 jackals
  2 quokkas
  A ball python (D:4)
  A ball python zombie (D:6)
  12 bats
  A giant gecko zombie (D:7)
  5 giant newts
  A jackal skeleton (D:6)
  10 kobolds
  A quokka skeleton (D:5)
  14 rats
239 creatures vanquished.

Vanquished Creatures (others)
  A giant gecko (D:7)
  7 fungi (D:11)
  4 plants (D:11)
12 creatures vanquished.

Grand Total: 251 creatures vanquished

Notes
Turn   | Place    | Note
--------------------------------------------------------------
     0 | D:1      | dalore the Minotaur Berserker began the quest for the Orb.
     0 | D:1      | Reached XP level 1. HP: 19/19 MP: 0/0
   346 | D:1      | Reached XP level 2. HP: 27/27 MP: 1/1
   360 | D:1      | Reached skill level 4 in Fighting
   730 | D:1      | Reached ** piety under Trog
   738 | D:1      | Reached skill level 3 in Armour
   783 | D:1      | Reached XP level 3. HP: 24/33 MP: 2/2
  1006 | D:2      | Reached skill level 4 in Maces & Flails
  1578 | D:2      | Reached XP level 4. HP: 38/40 MP: 3/3
  1739 | D:2      | Reached skill level 3 in Dodging
  2134 | D:3      | Reached *** piety under Trog
  2592 | D:3      | Reached XP level 5. HP: 43/47 MP: 4/4
  2800 | D:5      | Entered Level 5 of the Dungeon
  3149 | D:4      | Noticed an ogre
  3160 | D:4      | Killed an ogre
  3160 | D:4      | Reached skill level 5 in Fighting
  3160 | D:4      | Reached skill level 5 in Maces & Flails
  3160 | D:4      | Reached skill level 4 in Armour
  3205 | D:4      | Reached skill level 4 in Dodging
  3205 | D:4      | Reached XP level 6. HP: 39/56 MP: 5/5
  3601 | D:4      | Noticed Crazy Yiuf
  3608 | D:4      | Killed Crazy Yiuf
  4074 | D:5      | Reached skill level 1 in Staves
  4190 | D:5      | Noticed an ice beast
  4198 | D:5      | Killed an ice beast
  4198 | D:5      | Reached XP level 7. HP: 53/62 MP: 6/6
  4268 | D:5      | Found a staircase to the Ecumenical Temple.
  4275 | D:5      | Reached skill level 6 in Fighting
  4275 | D:5      | Reached skill level 5 in Armour
  4280 | Temple   | Entered the Ecumenical Temple
  4501 | D:5      | Found Neehiaci's General Store.
  4528 | D:5      | Bought a scroll of enchant armour for 90 gold pieces
  4652 | D:5      | Reached skill level 5 in Dodging
  4658 | D:5      | Identified the Volume of Poisonous Snow
  4700 | D:5      | Reached skill level 2 in Staves
  5035 | D:5      | Reached **** piety under Trog
  5509 | D:6      | Reached skill level 3 in Staves
  5611 | D:7      | Reached XP level 8. HP: 65/71 MP: 7/7
  5640 | D:6      | Reached skill level 7 in Fighting
  5882 | D:6      | Noticed Grinder
  5887 | D:6      | Reached skill level 6 in Armour
  5893 | D:6      | Killed Grinder
  5893 | D:6      | Reached skill level 4 in Staves
  5893 | D:6      | Reached skill level 6 in Dodging
  6157 | D:6      | Found an iron altar of Okawaru.
  6363 | D:7      | Reached skill level 7 in Armour
  6508 | D:7      | Reached skill level 5 in Staves
  6583 | D:7      | Reached skill level 8 in Fighting
  6583 | D:7      | Reached XP level 9. HP: 41/81 MP: 8/8
  6601 | D:7      | Reached skill level 7 in Dodging
  6855 | D:7      | Found a bloodstained altar of Trog.
  6983 | D:7      | Reached skill level 6 in Staves
  7339 | D:8      | Reached skill level 8 in Armour
  7368 | D:8      | Found an opulent altar of Gozag.
  7948 | D:10     | Entered Level 10 of the Dungeon
  7968 | D:9      | Reached skill level 9 in Fighting
  7981 | D:9      | Gained mutation: You tend to lose your temper in combat. [mutagenic meat]
  7982 | D:9      | Gained mutation: You are resistant to hostile enchantments. [mutagenic meat]
  7983 | D:9      | Gained mutation: You passively map a small area around you. [mutagenic meat]
  7984 | D:9      | Gained mutation: Your muscles are strong. (Str +2) [mutagenic meat]
  7990 | D:9      | Reached skill level 8 in Dodging
  8006 | D:9      | Gained mutation: Scrolls take you a little longer to read. [mutagenic meat]
  8007 | D:9      | Gained mutation: You are robust (+10% HP). [mutagenic meat]
  8062 | D:9      | Got a polished ring mail
  8073 | D:9      | Identified the +4 ring mail of Dogma {Str+2 Int+2 Dex+2} (You found it on level 9 of the Dungeon)
  8208 | D:9      | Noticed Joseph
  8209 | D:9      | Noticed a troll
  8215 | D:9      | Killed a troll
  8215 | D:9      | Reached skill level 7 in Staves
  8228 | D:9      | Killed Joseph
  8228 | D:9      | Reached XP level 10. HP: 100/100 MP: 9/9
  8333 | D:9      | Found Qenu's Gadget Shop.
  8363 | D:9      | Gained mutation: You are partially covered in yellow scales (AC +2). [mutagenic meat]
  8364 | D:9      | Gained mutation: Your spells are a little harder to cast, but a little more powerful. [mutagenic meat]
  8474 | D:9      | Found a shimmering altar of Xom.
  8574 | D:9      | Reached skill level 9 in Armour
  8801 | D:11     | Noticed a white ugly thing
  8805 | D:10     | Reached skill level 10 in Fighting
  8817 | D:10     | Reached skill level 8 in Staves
  8817 | D:10     | Reached skill level 9 in Dodging
  8935 | D:11     | Reached ***** piety under Trog
  8976 | D:11     | HP: 20/102 [white ugly thing (16)]
  8976 | D:11     | Mangled by a white ugly thing

Vault maps used:
D:1:      elethiomel_arrival_maze, st_stairs_14, corexii_corridor_pit,
          hex_medium, kennysheep_another_room
D:2:      amalloy_card_club
D:3:      dk_noncrumbling_3
D:4:      minmay_misc_feat_square, uniq_crazy_yiuf_cottage
D:5:      minmay_temple_entry_large_hall, first_bread, serial_shops,
          nicolae_shop_waterfront
D:6:      basic_altar, uniq_grinder
D:7:      lemuel_crystal_altar, grunt_ogre_cave, serial_bayou_ford_a,
          kennysheep_generic_room_9
D:8:      basic_altar, hangedman_decor_riveting
D:9:      tgw_xom, serial_shops, shop, uniq_joseph
D:10:     uniq_josephine
D:11:     grunt_lair_entry_orc_guard_hut, orc_0_dummy, uniq_harold, uniq_grum
Temple:   grunt_circular_temple_18

Action                   |  1- 3 |  4- 6 |  7- 9 | 10-12 || total
-------------------------+-------+-------+-------+-------++-------
Melee: Mace              |   101 |   100 |       |       ||   201
       Quarterstaff      |       |    23 |   261 |    81 ||   365
Invok: Trog's Hand       |     1 |     4 |     9 |     1 ||    15
       Berserk           |     1 |     4 |     2 |       ||     7
       Burn Spellbooks   |       |       |     2 |       ||     2
  Use: Potion            |       |     2 |     1 |     1 ||     4
 Stab: Confused          |       |     1 |       |       ||     1
       Paralysed         |       |       |     1 |       ||     1
       Distracted        |       |       |     1 |       ||     1
  Eat: Chunk             |     3 |    14 |    17 |     2 ||    36
       Bread ration      |       |       |     4 |     1 ||     5
       Fruit             |       |       |     2 |       ||     2

Vault maps used:
D:1:      elethiomel_arrival_maze, st_stairs_14, corexii_corridor_pit,
          hex_medium, kennysheep_another_room
D:2:      amalloy_card_club
D:3:      dk_noncrumbling_3
D:4:      minmay_misc_feat_square, uniq_crazy_yiuf_cottage
D:5:      minmay_temple_entry_large_hall, first_bread, serial_shops,
          nicolae_shop_waterfront
D:6:      basic_altar, uniq_grinder
D:7:      lemuel_crystal_altar, grunt_ogre_cave, serial_bayou_ford_a,
          kennysheep_generic_room_9
D:8:      basic_altar, hangedman_decor_riveting
D:9:      tgw_xom, serial_shops, shop, uniq_joseph
D:10:     uniq_josephine
D:11:     grunt_lair_entry_orc_guard_hut, orc_0_dummy, uniq_harold, uniq_grum
Temple:   grunt_circular_temple_18

Table legend:
 A = Turns spent in this place as a percentage of turns spent in the entire game.
 B = Non-inter-level travel turns spent in this place as a percentage of non-inter-level travel turns spent in the entire game.
 C = Inter-level travel turns spent in this place as a percentage of turns spent in this place.
 D = Turns resting spent in this place as a percentage of non-inter-level travel turns spent in this place.
 E = Turns spent auto-exploring this place as a percentage of non-inter-level travel turns spent in this place.
 F = Non-inter-level travel turns spent in this place divided by the number of levels of this place that you've seen.
                   A       B       C       D       E      F
               +-------+-------+-------+-------+-------+----------------------
         Total | 100.0 | 100.0 |   2.7 |   5.2 |  11.8 | 177.5
       Dungeon |  96.9 |  97.0 |   2.7 |   5.3 |  11.3 | 187.8
        Temple |   3.1 |   3.0 |   4.5 |   0.0 |  28.1 |  64.0
               +-------+-------+-------+-------+-------+----------------------

Table legend:
 A = Kills in this place as a percentage of kills in entire the game.
 B = Kills by you in this place as a percentage of kills by you in the entire game.
 C = Kills by friends in this place as a percentage of kills by friends in the entire game.
 D = Other kills in this place as a percentage of other kills in the entire game.
 E = Experience gained in this place as a percentage of experience gained in the entire game.
 F = Experience gained in this place divided by the number of levels of this place that you have seen.
                   A       B       C       D       E      F
               +-------+-------+-------+-------+-------+----------------------
         Total | 100.0 | 100.0 |  -nan |  -nan | 100.0 | 670.8
       Dungeon | 100.0 | 100.0 |  -nan |  -nan | 100.0 | 731.8
               +-------+-------+-------+-------+-------+----------------------
